 Dungeon Crawl Stone Soup version 0.29.0-10-g45618ea6d2 (webtiles) character file.

Game seed: 7894605025795863943

63 bearlyready the Sneak (level 4, 0/28 HPs)
             Began as a Kobold Brigand on Sept 1, 2022.
             Slain by a phantom (6 damage)
             ... on level 3 of the Dungeon.
             The game lasted 00:04:21 (2126 turns).

bearlyready the Sneak (Kobold Brigand)              Turns: 2126, Time: 00:04:22

Health: 0/28       AC:  8    Str: 12    XL:     4   Next: 31%
Magic:  4/4        EV: 15    Int: 12    God:
Gold:   109        SH:  0    Dex: 18    Spells: 3/3 levels left

rFire   + . .      SeeInvis .   a - +2 dagger
rCold   . . .      Faith    .   (no shield)
rNeg    + . .      Spirit   .   b - +0 robe
rPois   +          Reflect  .   (no helmet)
rElec   .          Harm     .   c - +0 cloak
rCorr   .          Rampage  .   r - +0 pair of gloves
Will    .....                   (no boots)
Stlth   ++++......              l - amulet of magic regeneration
HPRegen 0.09/turn               n - ring of Gemp {rPois rF+ rN+ Str+4}
MPRegen 0.49/turn               i - +4 ring of protection

@: brilliant
A: small, no large weapons, nightstalker 3
a: no special abilities


You were on level 3 of the Dungeon.
You visited 1 branch of the dungeon, and saw 3 of its levels.

You collected 109 gold pieces.

Inventory:

Hand Weapons
 a - a +2 dagger (weapon)
 m - a +0 sling
Missiles
 d - 9 poisoned darts (quivered)
 e - 3 curare-tipped darts
Armour
 b - a +0 robe (worn)
 c - a +0 cloak (worn)
 r - a +0 pair of gloves (worn)
Jewellery
 i - a +4 ring of protection (right hand)
 l - an amulet of magic regeneration (around neck)
 n - the ring of Gemp (left hand) {rPois rF+ rN+ Str+4}
   (You found it on level 2 of the Dungeon)

   [ring of poison resistance]

   Str:       It affects your strength (+4).
   rF:        It protects you from fire.
   rPois:     It protects you from poison.
   rN:        It protects you from negative energy.
 s - a ring of wizardry
Scrolls
 f - 2 scrolls of teleportation {unknown}
 g - a scroll of enchant weapon {unknown}
 h - a scroll of identify {unknown}
 j - a scroll of brand weapon {unknown}
 o - a scroll of silence {unknown}
 p - a scroll of immolation {unknown}
 q - a scroll of enchant armour {unknown}


   Skills:
 - Level 3.3 Fighting
 - Level 2.6 Short Blades
 + Level 2.1 Ranged Weapons
 - Level 2.1 Throwing
 - Level 3.0 Dodging
 - Level 5.3 Stealth


You had 3 spell levels left.
You didn't know any spells.
Your spell library was empty.

Dungeon Overview and Level Annotations

Branches:
Dungeon (3/15)

Altars:
Wu Jian

Shops:
D:3 (

Annotations:
D:2 1 runed translucent door, Crazy Yiuf
D:3 Sigmund


Innate Abilities, Weirdness & Mutations

You are small and have problems with some larger weapons.
You are completely attuned to the shadows.


Message History

You hit the phantom.
The phantom is moderately damaged.
The phantom misses you.
You hit the phantom.
The phantom is moderately damaged.
The phantom hits you but does no damage.
You hit the phantom but do no damage.
The phantom is moderately damaged.
You hit the phantom.
The phantom is heavily damaged.
The phantom hits you.
* * * LOW HITPOINT WARNING * * *
You hit the phantom.
The phantom is heavily damaged.
The phantom barely misses you.
You hit the phantom but do no damage.
The phantom is heavily damaged.
The phantom misses you.
You closely miss the phantom. You punch the phantom.
The phantom is severely damaged.
The phantom hits you but does no damage.
Okay, then.
You closely miss the phantom.
The phantom is severely damaged.
The phantom hits you but does no damage.
You barely miss the phantom.
The phantom is severely damaged.
The phantom completely misses you.
You miss the phantom.
The phantom is heavily damaged.
The phantom barely misses you.
You hit the phantom but do no damage.
The phantom is heavily damaged.
You barely miss the phantom.
The phantom is heavily damaged.
The phantom barely misses you.
You hit the phantom.
The phantom is severely damaged.
The phantom hits you.
You die...

#W.)..W..........
#....#...........
...####.........o.
... ........w# ..
#...###### ..##
###......# ...
#......#
#.####......#
#..@Ww..ยง...#
###########.# #


You could see a phantom and a worm.

Vanquished Creatures
  3 adders (D:2)
  A dart slug (D:3)
  An orc (D:3)
  2 ball pythons (D:2)
  3 endoplasms
  A giant cockroach (D:2)
  4 goblins
  3 hobgoblins (D:1)
  4 kobolds (D:1)
  2 quokkas (D:2)
  4 bats
  A frilled lizard (D:1)
  2 rats (D:1)
31 creatures vanquished.

Notes
Turn   | Place    | Note
-------+----------+-------------------------------------------
     0 | D:1      | bearlyready the Kobold Brigand began the quest for the Orb.
     0 | D:1      | Reached XP level 1. HP: 12/12 MP: 1/1
   169 | D:1      | Found a faded altar of an unknown god.
   254 | D:1      | Reached XP level 2. HP: 12/18 MP: 2/2
   936 | D:2      | Found an ornate altar of the Wu Jian Council.
  1092 | D:2      | Found a runed translucent door.
  1095 | D:2      | Noticed Crazy Yiuf
  1131 | D:2      | Identified the ring of Gemp {rPois rF+ rN+ Str+4}
  1204 | D:2      | Reached XP level 3. HP: 21/23 MP: 3/3
  1286 | D:2      | Reached skill level 1 in Ranged Weapons
  1558 | D:2      | Reached XP level 4. HP: 23/28 MP: 4/4
  1988 | D:3      | Noticed Sigmund
  1988 | D:3      | Found Onnusiapli's Weapon Boutique.
  2030 | D:3      | Noticed an orc warrior
  2031 | D:3      | Noticed a phantom
  2126 | D:3      | Slain by a phantom

Illustrated notes

Levels and vault maps discovered:
D:1:      minmay_arrival_loop, layout_basic,
          hellmonk_ecumenical_altar_arch_garden, kennysheep_minor_cross
D:2:      layout_basic, basic_altar, uniq_crazy_yiuf_cottage
D:3:      layout_rooms, dancing_weapons_uskayaw, gammafunk_ghost_mausoleum,
          serial_curves, eino_curves_04, eino_curves_03, serial_shops,
          nicolae_shop_bloodbath_and_beyond, lightli_corner_chamber,
          uniq_sigmund

Skill      XL: |  1  2  3  4 |
---------------+-------------+-----
Dodging        | 2 3 |  3.0
Fighting       | 3 |  3.3
Ranged Weapons | 1 2 |  2.1
Short Blades   | |  2.6
Throwing       | |  2.1
Stealth        | |  5.3

Action                   |  1- 3 |  4- 6 || total
-------------------------+-------+-------++-------
Melee: Dagger            |    27 |    18 ||    45
       Punch             |       |     1 ||     1
 Fire: Sling             |    36 |    18 ||    54
  Use: Potion            |       |     1 ||     1
 Stab: Sleeping          |     9 |       ||     9
Armor: Robe              |    11 |    12 ||    23
Dodge: Dodged            |    35 |    13 ||    48
